AoeStats
← kV0t3

Arabia

508801610Analyzed
1v1 RM · 8d ago on Sep 24, 2026· 59m 10s· 2 players
Game mode
Random Map
Map size
Tiny (2 player)
Population
200
Speed
Normal
Resources
Standard
Victory
Conquest
Starting age
Dark Age
Ending age
Imperial Age
RankedLock teamsTeams togetherTeam positionsShared explorationLock speedFull tech treeHidden civsTurbo modeCheats
Victory
Defeat
🇦🇷 Maya · Argentina
1254
+17
🇲🇽 Persians · Mexico
1279
-17
kV0t3
0:25 Loom
10:21 Feudal Age
13:06 Horse Collar
13:12 Double-Bit Axe
20:16 Castle Age
18:08 Gold Mining
20:11 Fletching
20:22 Padded Archer Armor
21:09 Bow Saw
20:59 Bodkin Arrow
20:30 Crossbowman
22:47 Wheelbarrow
24:28 Ballistics
25:12 Leather Archer Armor
25:26 Pikeman
33:00 Thumb Ring
43:55 Imperial Age
42:59 Scale Mail Armor
43:09 Forging
43:20 Stone Mining
43:35 Heavy Plow
44:43 Chain Mail Armor
44:39 Bracer
44:05 Arbalester
46:16 Chemistry
47:53 Chain Mail Armor
48:14 Iron Casting
48:12 Ring Archer Armor
47:57 Chain Mail Armor
49:05 Iron Casting
49:38 Crop Rotation
50:58 Plate Mail Armor
50:31 Squires
50:25 Town Watch
51:56 Halberdier
53:37 Blast Furnace
54:00 Guard Tower
54:21 Masonry
53:51 Treadmill Crane
54:50 Stone Shaft Mining
55:17 Two-Man Saw
54:34 Elite Skirmisher
55:37 Conscription
55:26 Arson
56:13 Architecture
56:50 Keep
56:45 Hul'che Javelineers
57:33 Hand Cart
58:26 Eagle Warrior
59:38 Holcans
[LMB] Vortex
6:07 Loom
8:51 Feudal Age
10:45 Fletching
21:17 Castle Age
20:01 Scale Barding Armor
20:10 Double-Bit Axe
20:26 Horse Collar
21:27 Bloodlines
25:02 Husbandry
26:48 Chain Barding Armor
27:11 Bow Saw
30:11 Forging
32:22 Wheelbarrow
31:46 Gold Mining
31:46 Stone Mining
31:46 Gold Mining
36:50 Bodkin Arrow
38:55 Gold Shaft Mining
39:15 Hand Cart
43:22 Iron Casting
43:45 Ballistics
45:20 Light Cavalry
49:46 Imperial Age
48:08 Town Watch
50:07 Padded Archer Armor
49:29 Elite Skirmisher
51:03 Plate Barding Armor
51:14 Leather Archer Armor
55:14 Ring Archer Armor
Connection lost

Rejoining the realm…

Still unreachable

The connection could not be restored.

Session expired

The server has moved on; the page needs a fresh start.